Cogmind - Beta 17 @@@ ROGUE MODE // 2026.07.16 @ 16:37:24 Player: Zish Result: Destroyed by G-34 Mercenary with Small Laser Performance ------------- Evolutions (0) 0 Regions Visited (1) 200 Robots Destroyed (22) 110 Value Destroyed (467) 467 Prototype IDs (0) 0 Alien Tech Used (0) 0 Bonus (0) 0 TOTAL SCORE: 777 Bonus ------- None Cogmind --------- Core Integrity 0/250 Matter 300/300 Energy 250/250 System Corruption 0% Temperature Cool (6) Movement Core (850) Ox16 Location -10/Materials Parts ------- > --- POWER (1) -------- Ion Engine > --- PROPULSION (2) --- (None) > --- UTILITY (2) ------ High-capacity Storage Unit > --- WEAPON (2) ------- Flail Flail > --- INVENTORY (20) --- Small Storage Unit ECM Suite Hacking Suite Datajack Peak State ------------ > --- POWER ------------ Ion Engine > --- PROPULSION ------- Light Treads Light Treads > --- UTILITY ---------- Small Storage Unit High-capacity Storage Unit > --- WEAPON ----------- Assault Rifle Assault Rifle > --- INVENTORY -------- Ion Engine ECM Suite Datajack [Rating: 7] Favorites ----------- Power Ion Engine Engine Ion Engine Propulsion Light Treads Treads Light Treads Utility High-capacity Storage Unit Storage High-capacity Storage Unit Weapon Assault Rifle Ballistic Gun Assault Rifle Impact Weapon Flail Build | -11 -10 ------- Run | Yrd Mat Slots Evolved . | . . Power . | . . Propulsion . | . . Utility . | . . Weapon . | . . Parts Attached 10 | 6 4 Power 2 | 1 1 Engine 2 | 1 1 Core . | . . Reactor . | . . Propulsion 2 | 2 . Treads 2 | 2 . Leg . | . . Wheel . | . . Hover . | . . Flight . | . . Utility 2 | 1 1 Device . | . . Storage 2 | 1 1 Processor . | . . Hackware . | . . Protection . | . . Artifact . | . . Weapon 4 | 2 2 Energy Gun . | . . Energy Cannon . | . . Ballistic Gun 2 | 2 . Ballistic Cannon . | . . Launcher . | . . Special Weapon . | . . Impact Weapon 2 | . 2 Slashing Weapon . | . . Piercing Weapon . | . . Special Melee Weapon . | . . Unidentified Prototypes . | . . Parts Lost 5 | . 5 Power 1 | . 1 Propulsion 2 | . 2 Utility . | . . Weapon 2 | . 2 Highest Loss Streak 4 | . 4 To Critical Strikes . | . . Average Backups 3 | . 3 Power . | . . Propulsion . | . . Utility 1 | . 2 Weapon . | . . Tool/Special . | . . Unused Backups 5 | . 5 Power . | . . Propulsion . | . . Utility 2 | . 2 Weapon 2 | . 2 Tool/Special 1 | . 1 Average Slot Usage (%) 74 | . 74 Engine 14 | . 14 Treads 17 | . 17 Storage 14 | . 14 Ballistic Gun 16 | . 16 Impact Weapon 10 | . 10 Peak Build Rating 7 | 6 7 Average Rating 5 | 4 5 On Entrance 3 | . 6 Avg Prop Armor Cover (%) . | . . Naked Turns . | . . Heaviest Build 49 | 14 49 Greatest Support 40 | 40 40 Greatest Overweight (x) 16 | . 16 Average Overweight (x) 2 | . 2 Largest Inventory Capacity 20 | 8 20 Average Capacity 16 | 7 16 Most Carried 6 | 1 6 Average Carried 3 | . 3 Final Capacity 20 | 8 20 Final Carried 4 | 1 4 Class Distribution -------------------- 100% | Mutant Dominant Class ---------------- Mutant | -10/Materials Resources | -11 -10 ----------- Run | Yrd Mat Matter Collected 608 | 117 491 Remotely . | . . Salvage Created 662 | . 662 Parts 38 | . 38 Haulers Intercepted 1 | . 1 Recyclers Shooed . | . . Parts Field Recycled . | . . Retrieved Matter . | . . Parts Self-Destructed . | . . Prevented . | . . Parts Restored . | . . Kills | -11 -10 ------- Run | Yrd Mat Combat Hostiles Destroyed 16 | . 16 Melee 1 | . 1 Guns 13 | . 13 Classes Destroyed 7 | . 7 Worker 2 | . 2 Builder 1 | . 1 Hauler 1 | . 1 Recycler 1 | . 1 Operator 1 | . 1 Swarmer 6 | . 6 Grunt 10 | . 10 Best Kill Streak 4 | . 4 Combat Bots Only 3 | . 3 Max Kills in Single Turn 1 | . 1 Gunslinging . | . . Exploded . | . . Melee 1 | . 1 Uniques/NPCs Destroyed . | . . Combat | -11 -10 -------- Run | Yrd Mat Hostile Shots Fired 114 | . 114 Missed 28 | . 28 Hits 86 | . 86 Projectile 86 | . 86 Critical Strikes 2 | . 2 Damage Taken 1007 | . 1007 Core 257 | . 257 Absorbed by Shields . | . . Core Remaining (%) 100 | 100 . Volleys Fired 54 | . 54 Largest 2 | . 2 Hottest 40 | . 40 Shots Fired 108 | . 108 Gun 108 | . 108 Cannon . | . . Launcher . | . . Special . | . . Kinetic 108 | . 108 Thermal . | . . Explosive . | . . Electromagnetic . | . . Robot Hit Streak 12 | . 12 Robot Miss Streak 3 | . 3 Penetration Max . | . . Secondary Targets 2 | . 2 Max Gunslinging Chain 1 | . 1 Shots Hit Robots 79 | . 79 Core Hits 29 | . 29 Critical Kills 2 | . 2 Critical Parts Destroyed 1 | . 1 Critical Strikes 3 | . 3 Destroy 2 | . 2 Smash 1 | . 1 Melee Attacks 14 | . 14 Impact 14 | . 14 Slashing . | . . Piercing . | . . Sneak Attacks 1 | . 1 Combat Hostiles . | . . Follow-up Attacks 1 | . 1 Damage Inflicted 1136 | . 1136 Guns 847 | . 847 Cannons . | . . Explosions . | . . Melee 289 | . 289 Ramming . | . . Kinetic 847 | . 847 Thermal . | . . Explosive . | . . Electromagnetic . | . . Impact 289 | . 289 Slashing . | . . Piercing . | . . Highest Corruption . | . . Average Corruption . | . . Corruption Purged . | . . Corruption Blocked . | . . Overload Shots . | . . Overflow Damage 54 | . 54 Projectiles . | . . Explosions . | . . Melee 54 | . 54 Knockbacks 4 | . 4 Impact 3 | . 3 Kinetic . | . . Secondary 1 | . 1 Self-Inflicted Damage . | . . Shots . | . . Rammed . | . . Targets Rammed . | . . Kicked . | . . Crushed . | . . Highest Temperature 20 | . 20 Average Temperature 14 | . 14 Received Heat Transfer 474 | . 474 Siege Activations . | . . Martial Activations . | . . Shielding Activations . | . . Robots Disrupted . | . . Combat Hostiles . | . . Robots Corrupted 3 | . 3 Combat Hostiles 2 | . 2 Parts Fried 6 | . 6 Impact Corruptions 4 | . 4 Robots Melted . | . . Combat Hostiles . | . . Parts Melted . | . . Heat Transferred . | . . Parts Sabotaged . | . . Parts Stolen . | . . Parts Stripped . | . . Power Chain Reactions . | . . Alert | -11 -10 ------- Run | Yrd Mat Maximum Alert Level . | . . Low Security (%) 100 | 100 100 Level 1 . | . . Level 2 . | . . Level 3 . | . . Level 4 . | . . Level 5 . | . . High Security . | . . Max Security . | . . Peak Influence 94 | . 94 Initial . | . . Average 31 | . 33 Influence Increases 480 | . 480 Destroy 0b10 Robot/C 320 | . 320 Destroy 0b10 Robot/NC 30 | . 30 Destroy Leader 62 | . 62 Successful Hack 7 | . 7 Disable Machine 15 | . 15 Destroy Structure 1 | . 1 Lose Combat Pursuer 45 | . 45 Influence Decreases 450 | . 450 Time Decay 372 | . 372 Lost Part 40 | . 40 Purge Threat 38 | . 38 Squads Dispatched 2 | . 2 Investigation 1 | . 1 Extermination . | . . Reinforcement 1 | . 1 Assault . | . . Garrison . | . . Intercept . | . . Searches Triggered . | . . Construction Impeded . | . . Haulers Reinforced . | . . Active Scanning Responses . | . . Cargo Convoy Interrupts . | . . Stealth | -11 -10 --------- Run | Yrd Mat Distress Signals 1 | . 1 Communications Jammed . | . . Distress Signals . | . . Times Spotted 28 | . 28 Peak Tracking Total 5 | . 5 Tactical Retreats 2 | . 2 Traps | -11 -10 ------- Run | Yrd Mat Traps Triggered 3 | . 3 Indirectly . | . . Trap Hack Attempts . | . . Triggered . | . . Disarmed 3 | . 3 Reprogrammed . | . . Reused . | . . Traps Extracted . | . . Installed . | . . Triggered . | . . Machines | -11 -10 ---------- Run | Yrd Mat Machines Disabled 1 | . 1 Max in Single Turn 1 | . 1 Machines Repaired . | . . Machines Dismantled . | . . Machines Sabotaged . | . . Overloaded Fab Kills . | . . Hacking | -11 -10 --------- Run | Yrd Mat Machines Accessed 3 | . 3 Terminals 3 | . 3 Fabricators . | . . Repair Stations . | . . Recycling Units . | . . Scanalyzers . | . . Garrison Access . | . . Total Hacks 4 | . 4 Successful 4 | . 4 Failed . | . . Catastrophic . | . . Database Lockouts . | . . Manual 1 | . 1 Terminals 4 | . 4 Fabricators . | . . Repair Stations . | . . Recycling Units . | . . Scanalyzers . | . . Garrison Access . | . . Terminal Hacks 3 | . 3 Unreport Threat 2 | . 2 Disarm Traps 1 | . 1 Fabricator Hacks . | . . Repair Station Hacks . | . . Recycling Unit Hacks . | . . Scanalyzer . | . . Garrison Access Hacks . | . . Unauthorized Hacks 1 | . 1 Terminals 1 | . 1 Operators 1 | . 1 Fabricators . | . . Repair Stations . | . . Recycling Units . | . . Scanalyzers . | . . Garrison Access . | . . Data Cores Recovered . | . . Used . | . . Hacking Detections . | . . Full Trace Events . | . . Feedback Events . | . . Feedback Blocked . | . . Robot Schematics Acquired . | . . Robots Built . | . . Authchips . | . . Time . | . . Total Robot Build Rating . | . . Part Schematics Acquired . | . . Parts Built . | . . Authchips . | . . Time . | . . Total Part Build Rating . | . . Part Studies Acquired . | . . Parts Repaired . | . . Time . | . . Parts Recycled . | . . Recycled Matter . | . . Retrieved Matter . | . . Retrieved Components . | . . Parts Scanalyzed . | . . Part Schematics Acquired . | . . Parts Damaged . | . . Bothacking | -11 -10 ------------ Run | Yrd Mat Used RIF Installer . | . . Robots Hacked . | . . Non-combat . | . . Combat . | . . Robot Hacks Applied . | . . Relay Couplers Released . | . . Fabnet Peak Effective % . | . . Robots Rewired . | . . Allies Hacked . | . . Hacks Repelled . | . . Allies | -11 -10 -------- Run | Yrd Mat Total Allies . | . . Largest Group . | . . Highest-Rated Group . | . . Highest-Rated Ally . | . . Total Orders . | . . Ally Attacks . | . . Total Damage . | . . Kills . | . . Allies Corrupted . | . . Allies Melted . | . . Intel | -11 -10 ------- Run | Yrd Mat Active Infowar (turns) . | . . Robot Analysis Total . | . . Derelict Logs Recovered . | . . Drone Launches . | . . Drone Recoveries . | . . Exploration | -11 -10 ------------- Run | Yrd Mat Turns Passed 1484 | 85 1399 Spaces Moved 463 | 53 410 Core 66 | 8 58 Treads 397 | 45 352 Legs . | . . Wheels . | . . Hover . | . . Flight . | . . Fastest Speed 50 | 50 160 Average Speed 270 | 143 287 Slowest Speed 850 | 160 850 Overloaded Moves . | . . Propulsion Burnouts . | . . Robots Hopped . | . . Potential Cave-ins . | . . Cave-ins Triggered . | . . Exploration Rate (%) 38 | 4 72 Regions Visited 1 Branch Regions . Pre-discovered Areas . | . . Known Exits Taken . | . . Unknown Exits Taken 1 | 1 . Scrap Searched . | . . Spaces Dug . | . . Terrain Destroyed . | . . Melee . | . . Projectile . | . . AOE . | . . Terrain Rammed . | . . Walls Destroyed . | . . Machines Disabled . | . . Actions | -11 -10 --------- Run | Yrd Mat Total 563 | 59 504 Wait 15 | . 15 Move 462 | 52 410 Hop . | . . Pick Up 6 | 1 5 Fast Attach 9 | 6 3 Attach 1 | . 1 Detach 1 | . 1 Swap . | . . Drop 2 | . 2 Fire 54 | . 54 Melee 13 | . 13 Ram . | . . Kick . | . . Crush . | . . Escape Stasis . | . . Rewire . | . . Trap . | . . Miscellaneous . | . . Route ------- -11/Scrapyard -10/Materials (discovered 5 exits: [*Mat x3] / [*Min x2]) History --------- Turn | Location | Event 7 | -11/Scrapyard | Discovered new exit (range 15) 86 | -11/Scrapyard | Entered Materials 270 | -10/Materials | Discovered new exit (range 7) 315 | -10/Materials | Build established: Mutant 389 | -10/Materials | Discovered new exit (range 8) 668 | -10/Materials | Discovered new exit (range 7) 734 | -10/Materials | Discovered new exit (range 15) 848 | -10/Materials | Discovered new exit (range 15) 939 | -10/Materials | Core integrity fell below 50% 991 | -10/Materials | Lost 4 parts (2n2w) 1448 | -10/Materials | Core integrity fell below 20% 1485 | -10/Materials | Destroyed by G-34 Mercenary with Small Laser Last Messages --------------- 00979_ K-01 Serf collects debris. 01020_ K-01 Serf cleans the Terminal. 01024_ K-01 Serf collects debris. 01056_ K-01 Serf cleans the Terminal. 01429_ Sneak attack on K-01 Serf. 01429_ Destroyed Wheel. 01429_ K-01 Serf system corrupted by crushing effect. 01429_ K-01 Serf knocked back. 01430_ K-01 Serf system terminally corrupted. 01430_ Lgt. Ion Engine fried. 01430_ Wheel fried. 01430_ Med. Matter Pod fried. 01467_ G-47 Trooper suffers critical hit (Smash). 01467_ Destroyed Imp. Heat Sink. 01467_ G-47 Trooper system corrupted by crushing effect. 01467_ Lgt. Nuclear Core fried. 01467_ G-47 Trooper destroyed. Map ----- +----------------------------------------------------+ | | | | | | | | | | | | | | | | | | | | | | | | | ???????????????????????????????##### | | ??????????????????????????????? # | | ??????????????????????????????# # | | ?????????????????????????###### # | | #####????????????????????# + # | | ?????????????????????# #### # | | < #??????????? ??????????# #??# # | | #??????????? ??????????# #??# # | | #??????##??? ??????????# #??###### | | #?????!!##?? ??????????# ######### | | #???? !#?? ??????????# + # | | #??? #?# ??????????# # # | | ### ## ######### # """ # | | @=# """ # | | g w """ = # | | ########### #######+#+# u # | | * # #??# #????# # """ # | | %=# #??# #????# # """ # | | # #??# #????# # """ # | | # #??# #????# # |# | | # #??# #????# # # | | # #??# #????#+############?## | | # #??#=#????# #?# //#???????? | | # #### ###### ### #???????? | | # ## % ]]#???????? | | # ## % ]]#???????? | | # ##!! T %=//#???????? | | # ##!! //#???????? | | ####+####!! #####???????? | | #???????????? | | #???????????? | | ????????? | | ######+############# < ????????? | | ??# T [ #??????# ????????? | | "?# #??????# #####???????? | | "# #??????# #???????????? | | |"# """ """ #??????# #???????????? | | ""# """ """ #??????+ +???????????? | +----------------------------------------------------+ Best States ------------- Heat Dissipation 25 Energy Generation 10 Energy Capacity 250 Matter Stores 300 Matter Capacity 300 Sight Range 16 Terrain Scan Density 10 Evasion (%) 40 Recoil Reduction 2 Item Schematics ----------------- None Robot Schematics ------------------ None Fabricated ------------ Nothing Repaired ---------- Nothing Studied --------- None Alien Tech Used ----------------- None Achievements -------------- None Challenges ------------ None Game ------ Seed MagneticArmoredCompanion Manual? 0 Play Time 00:06:18 Cumulative 46.9 hours Start 2026.07.16 @ 16:31:52 End 2026.07.16 @ 16:37:24 Sessions 1 Manual Loads 0 Difficulty Rogue Special Mode None Game No. 113 Rogue 113 Adventurer 0 Explorer 0 Win Type - Total 0 Types 0/0/0/0/0/0/0/0/0/0 Lore% 21 Gallery% 30 Achievement% 27 Wizard Run 0 Options --------- Layout 1 ASCII 0 Keyboard 1 Movement Vi Keybinds 0 Fullscreen 1 Font 24/Smallcaps Map View 50x35 Zoom Use 0% Tactical HUD 1 Map Filters NONE Filters NONE Steam 1 RUN: afea8e1a-ed35-4891-a995-e704badf40b5